 Dungeon Crawl Stone Soup version 0.28.0 (webtiles) character file.

Game seed: 6050732560864936893

45 mopl the Sneak (level 3, -4/26 HPs)
             Began as an Octopode Delver on Feb 8, 2022.
             Was an Initiate of Dithmenos.
             Slain by a lemure (8 damage)
             ... led by Pikel
             ... on level 4 of the Dungeon.
             The game lasted 00:02:18 (543 turns).

mopl the Sneak (Octopode Delver)                     Turns: 543, Time: 00:02:20

Health: -4/26      AC:  1    Str: 11    XL:     3   Next: 64%
Magic:  3/3        EV: 13    Int: 12    God:    Dithmenos [......]
Gold:   36         SH:  0    Dex: 15    Spells: 2/2 levels left

rFire   . . .      SeeInvis .   a - +0 falchion
rCold   . . .      Faith    .   (no shield)
rNeg    . . .      Spirit   .   (helmet restricted)
rPois   .          Reflect  .   (no amulet)
rElec   .          Harm     .   (no ring)
rCorr   .          Rampage  .   (no ring)
Will    .....                   (no ring)
Stlth   ++++......              (no ring)
HPRegen 0.08/turn               (no ring)
MPRegen 0.08/turn               (no ring)
                                (no ring)
                                (no ring)

@: no status effects
A: almost no armour, amphibious, 8 rings, camouflage 1, gelatinous body 1,
(nimble swimmer 1), tentacles
a: Renounce Religion


You were on level 4 of the Dungeon.
You worshipped Dithmenos.
Dithmenos was noncommittal.
You visited 2 branches of the dungeon, and saw 4 of its levels.

You collected 36 gold pieces.

Inventory:

Hand Weapons
 a - a +0 falchion (weapon)
Wands
 f - a wand of digging (3)
Scrolls
 b - a scroll of fog
 c - a scroll of magic mapping
 d - a scroll of fear
Potions
 e - a potion of haste
 g - a potion of degeneration {unknown}


   Skills:
 + Level 3.3 Fighting
 * Level 2.9 Long Blades
 + Level 2.4 Dodging
 + Level 6.9 Stealth


You had 2 spell levels left.
You didn't know any spells.
Your spell library was empty.

Dungeon Overview and Level Annotations

Branches:
Dungeon (6/15)             Temple (1/1) D:6

Altars:
Ashenzari
Dithmenos
Nemelex Xobeh
Okawaru
Ru
Uskayaw
Zin
The Shining One

Shops:
D:5 :

Annotations:
D:4 Grinder; Pikel; Robin
D:6 2 transporters, Dowan; Duvessa; dorian's ghost, amateur GrFi


Innate Abilities, Weirdness & Mutations

You cannot wear most types of armour.
You are amphibious.
You can wear up to eight rings at the same time.
Your skin changes colour to match your surroundings (Stealth+).
Your rubbery body absorbs attacks. (AC +1, EV +1)
((You are camouflaged when in or above water. (Stealth+)))
You have tentacles for arms and can constrict up to eight enemies at once.


Message History

Pikel shouts!
The hound barks!
You hear a shout! x2
Found 13 gold pieces.
Found a robe.
A goblin comes into view.
It is wielding a +0 dagger. 2 goblins and an ice beast come into view.
The goblin shouts!
The lemure shouts!
The goblin shouts!
You hear a shout!
A hobgoblin comes into view. x2
The goblin shouts!
The hobgoblin shouts!
Robin and 2 goblins come into view.
A goblin comes into view. It is wielding a +0 club.
A goblin comes into view. It is wielding a +3 dagger.
Robin roars a battlecry!
The goblins go into a battle-frenzy!
The goblin shouts!
Okay, then.
Grinder comes into view.
Grinder shouts!
The goblin shouts!
The goblin unwields a +0 dagger.
The goblin wields a +0 hunting sling.
The goblin shoots a stone.
The stone hits you. The goblin barely misses you.
A goblin comes into view. It is wielding a +0 dagger.
Grinder blinks!
The goblin hits you with a +0 dagger. The goblin hits you with a +0 club!
As you read the scroll of fear, it crumbles to dust.
You assume a fearsome visage.
Robin looks frightened!
The goblin looks frightened! x3; The hobgoblin looks frightened!
The goblin looks frightened! x3; The hobgoblin looks frightened!
The goblin looks frightened!
The goblin shouts!
The lemure looks frightened! x2; The ice beast looks frightened!
The hound looks frightened!
A hound comes into view.
Unknown command.
Found a robe.
Robin gibbers meaninglessly.
The lemure hits you.
* * * LOW HITPOINT WARNING * * *
A scorpion comes into view.
A kobold comes into view. It is wielding a +0 club.
The lemure hits you!
You die...

##.##.....###
#5##..#..#
#..#s.# ....
##g#..# ###
#5#.5# ##.gK#
#...######
#...5....##..
#.>@..........
#.....?.......
#..............
#g...5!........
#gg....g..!....[
#g.g.....g..##...
#gg.....h.### ###
#.K.......#


You could see Pikel, Grinder, 4 lemures, a scorpion (wandering), a hound
(wandering), Robin (fleeing), 3 hobgoblins, 7 goblins and a kobold (wandering).

Vanquished Creatures
  A centaur zombie (D:6)
  An adder (D:5)
  An orc (D:6)
3 creatures vanquished.

Notes
Turn   | Place    | Note
-------+----------+-------------------------------------------
     0 | D:5      | mopl the Octopode Delver began the quest for the Orb.
     0 | D:5      | Reached XP level 1. HP: 16/16 MP: 1/1
     5 | D:5      | Found Ikhyicw's Book Shoppe.
    15 | D:5      | Reached XP level 2. HP: 16/21 MP: 2/2
    49 | D:5      | Noticed an ogre
    85 | D:6      | Noticed an ogre
   143 | D:6      | Noticed a wight
   151 | D:6      | Reached XP level 3. HP: 12/26 MP: 3/3
   346 | D:6      | Found a transporter.
   346 | D:6      | Found a transporter.
   346 | D:6      | Noticed dorian's ghost (amateur GrFi)
   357 | D:6      | Noticed Duvessa
   357 | D:6      | Noticed Dowan
   373 | D:6      | Noticed a killer bee
   373 | D:6      | Noticed a killer bee
   377 | D:6      | Noticed a killer bee
   416 | D:6      | Found a staircase to the Ecumenical Temple.
   430 | Temple   | Entered the Ecumenical Temple
   441 | Temple   | Became a worshipper of Dithmenos the Shadowed
   511 | D:5      | Noticed a scorpion
   516 | D:4      | Noticed Pikel
   516 | D:4      | Noticed a lemure
   516 | D:4      | Noticed a lemure
   516 | D:4      | Noticed a lemure
   516 | D:4      | Noticed a lemure
   534 | D:4      | Noticed an ice beast
   535 | D:4      | Noticed Robin
   536 | D:4      | Noticed Grinder
   542 | D:4      | Noticed a scorpion
   543 | D:4      | Slain by a lemure

Illustrated notes

Levels and vault maps discovered:
D:4:      layout_rooms, bloody_makhleb, nicolae_underground_beach,
          uniq_menkaure, uniq_grinder, uniq_robin, uniq_pikel
D:5:      layout_basic, grunt_temple_overflow_open, serial_shops, shop,
          pf_guarded_unrand_meek
D:6:      layout_cave_pods, minmay_temple_entry_tees, gammafunk_ghost_hive,
          uniq_duvessa
Temple:   cyrus_circular_temple

Action                   || total
-------------------------++-------
Melee: Falchion          ||    12
       Constrict         ||     2
       Tentacles         ||     4
  Use: Scroll            ||     1
 Stab: Sleeping          ||     1
Armor: Skin              ||     1
Dodge: Dodged            ||    16
